Map: Newkirk Precinct TE (Void)

Players

Trizztein

  • Race: Terran Terran
  • League: Diamond
  • Spawn Location: 5:00

CHEESEKING - Winner!

  • Race: Zerg Zerg
  • League: Diamond
  • Spawn Location: 7:00

VOD

Have the link to the VOD?

Description

Time

  • Played on: Dec. 18, 2016, 12:43 p.m.
  • Length: 17:26
Show
View Real Time Build Order
Export as new Build Order

Trizztein Terran 

Build Orders: Reaper Expand, Hellion Banshee, Mech 

Get SALT Encoding   

  12  0:00  SCV  
  13  0:13  SCV  
  14  0:18  Supply Depot  
  14  0:25  SCV  
  15  0:40  SCV  
  15  0:41  Barracks  
  16  0:45  Refinery  
  16  0:52  SCV  
  17  1:04  SCV  
  18  1:16  SCV  
  19  1:29  Orbital Command, Reaper  
  20  1:43  Command Center  
  20  1:53  Supply Depot  
  20  1:54  SCV  
  20  2:01  Marine  
  21  2:07  SCV  
  23  2:11  Factory  
  23  2:16  Refinery  
  23  2:24  SCV  
  23  2:27  Barracks Reactor  
  24  2:40  SCV  
  25  2:52  SCV  
  25  2:58  Starport  
  26  3:00  Orbital Command  
  26  3:07  SCV  
  26  3:09  Hellion  
  26  3:10  Hellion  
  31  3:19  SCV, Barracks Tech Lab  
  32  3:25  Supply Depot  
  32  3:26  SCV  
  33  3:31  Hellion x2, SCV  
  38  3:38  SCV  
  39  3:43  SCV  
  39  3:47  Banshee  
  43  3:49  Cloaking Field  
  43  3:50  SCV  
  43  3:55  Hellion x2, SCV  
  49  4:02  Supply Depot  
  49  4:03  Supply Depot  
  49  4:05  SCV  
  49  4:07  SCV  
  51  4:14  Armory  
  51  4:17  SCV  
  51  4:19  SCV  
  51  4:24  Hellion x2  
  57  4:28  Armory  
  57  4:29  SCV  
  58  4:34  SCV  
  59  4:42  SCV  
  60  4:47  SCV  
  60  4:52  Command Center  
  61  4:54  Supply Depot  
  61  4:55  Refinery x2, SCV  
  61  4:58  Banshee  
  61  4:59  SCV  
  66  5:07  SCV  
  66  5:08  Barracks Tech Lab  
  66  5:09  Factory  
  66  5:11  SCV  
  68  5:14  Factory  
  68  5:19  SCV  
  69  5:23  Hellion x2  
  73  5:33  SCV x2  
  75  5:37  Terran Vehicle Weapons Level 1  
  75  5:38  Engineering Bay  
  65  5:45  SCV  
  65  5:49  SCV  
  61  5:57  SCV  
  61  6:00  Banshee  
  61  6:01  SCV  
  66  6:05  Supply Depot, Orbital Command  
  66  6:06  Supply Depot  
  66  6:08  Factory Tech Lab  
  66  6:09  Hellion x2  
  66  6:10  SCV  
  70  6:12  Siege Tank  
  70  6:13  SCV  
  73  6:22  SCV  
  74  6:25  SCV  
  75  6:34  SCV  
  75  6:37  SCV  
  75  6:38  Orbital Command  
  77  6:46  Siege Tank x2, SCV  
  77  6:47  Hellion x2  
  88  6:50  SCV  
  88  6:51  Refinery  
  89  6:55  Refinery  
  89  6:58  SCV  
  90  7:04  SCV  
  90  7:06  Supply Depot  
  90  7:08  Supply Depot, Missile Turret  
  91  7:10  Missile Turret  
  91  7:13  Command Center  
  91  7:16  SCV, Missile Turret  
  91  7:17  SCV  
  91  7:18  SCV  
  94  7:26  Siege Tank x2  
  94  7:27  Hellion x2  
  94  7:28  SCV  
  94  7:29  SCV  
  106  7:30  SCV  
  106  7:33  Armory  
  106  7:35  Terran Vehicle Weapons Level 2  
  107  7:39  Supply Depot  
  107  7:41  SCV x2  
  107  7:43  Raven  
  111  7:45  SCV  
  112  7:53  SCV x2  
  112  7:54  Hellion x2  
  112  7:57  Missile Turret  
  118  8:02  Siege Tank x2  
  118  8:03  Missile Turret, Barracks Reactor  
  125  8:12  Missile Turret  
  124  8:15  Hellion, Missile Turret  
  126  8:23  Terran Vehicle And Ship Armor Level 1  
  126  8:24  Supply Depot  
  126  8:27  Hellion, Supply Depot  
  128  8:34  Hellion, Thor  
  130  8:36  Planetary Fortress  
  130  8:39  SCV  
  137  8:41  Refinery x2  
  137  8:44  Liberator x2  
  141  8:48  Hellion x2  
  141  8:53  Factory  
  147  9:03  Factory  
  147  9:08  Supply Depot  
  148  9:10  Supply Depot  
  148  9:12  Hellion x2, Missile Turret, Barracks Reactor  
  154  9:18  Thor  
  154  9:20  Thor  
  163  9:27  Liberator  
  163  9:35  Liberator  
  163  9:36  Hellion x2  
  167  9:45  SCV  
  174  9:55  Supply Depot  
  174  9:57  Supply Depot, Siege Tank  
  174  9:58  Hellion, Supply Depot  
  179  10:03  Hellion x3, Siege Tank  
  188  10:10  Liberator  
  188  10:14  Terran Vehicle Weapons Level 3  
  188  10:17  Thor  
  188  10:20  Supply Depot  
  194  10:26  Command Center x2  
  197  10:30  Infernal Pre-Igniter  
  197  10:39  Hellion  
  195  10:53  Hellion, Siege Tank  
  197  11:09  Hellion x2  
  186  11:12  Hellion  
  188  11:22  Hellion x2  
  182  11:31  Siege Tank x2  
  182  11:32  Hellion x2  
  173  11:33  Hellion  
  173  11:34  Terran Vehicle And Ship Armor Level 2  
  175  11:43  Siege Tank  
  175  11:45  Hellion  
  180  11:53  Hellion  
  182  11:55  Hellion x2  
  182  11:59  Planetary Fortress  
  180  12:03  Siege Tank x2  
  180  12:07  Hellion  
  165  12:15  Hellion  
  146  12:16  Hellion  
  146  12:17  Hellion  
  146  12:19  Viking x2  
  151  12:24  Starport  
  151  12:25  Starport  
  151  12:26  Hellion, Planetary Fortress  
  151  12:27  Starport  
  151  12:28  Hellion  
  155  12:35  Siege Tank x2  
  161  12:43  Missile Turret x2  
  161  12:46  Missile Turret  
  161  12:55  Viking x2  
  161  12:57  Hellion x3  
  171  13:08  Refinery  
  171  13:10  Refinery  
  169  13:25  Viking  
  171  13:36  Siege Tank x2  
  171  13:37  Hellion x4  
  171  13:39  Missile Turret  
  185  13:46  Missile Turret  
  185  13:50  Siege Tank  
  185  13:51  Terran Vehicle And Ship Armor Level 3, Terran Ship Weapons Level 1  
  186  14:03  Hellion x2  
  186  14:08  Siege Tank x2  
  192  14:13  Hellion x2  
  148  14:22  Siege Tank  
  137  14:25  Hellion x2  
  141  14:34  Hellion x2  
  145  14:40  Siege Tank, Command Center  
  145  14:41  Hellion  
  145  14:43  Command Center  
  150  14:46  Hellion x2  
  154  14:54  Hellion  
  154  14:56  Hellion x2  
  154  14:57  Viking x2  
  154  14:58  Viking x3  
  170  15:02  Hellion  
  168  15:08  Hellion x2  
  162  15:27  Hellion x4, Viking x2  
  162  15:28  Siege Tank  
  177  15:34  Starport Tech Lab  
  177  15:35  Starport Tech Lab  
  177  15:36  Starport Reactor  
  177  15:39  Fusion Core  
  177  15:48  Siege Tank x2  
  183  15:59  Thor  
  183  16:02  Sensor Tower  
  183  16:03  Missile Turret  
  175  16:11  Hellion x2  
  173  16:20  Thor x2  
  173  16:24  Refinery  
  181  16:26  Refinery  
  181  16:30  Hellion x2  
  181  16:31  Viking x3  
  181  16:32  Viking  
  193  16:42  Thor  
  193  16:46  Hellion x2  
  163  16:57  Hellion x2  
  161  17:07  Command Center  
Show
View Real Time Build Order
Export as new Build Order

CHEESEKING Zerg - Winner!

Build Orders: Hatch First 

Get SALT Encoding   

  12  0:02  Drone  
  13  0:14  Overlord  
  13  0:18  Drone  
  14  0:33  Drone x2  
  16  0:36  Drone  
  17  0:55  Hatchery  
  16  0:58  Drone  
  16  1:02  Drone  
  18  1:12  Extractor  
  18  1:16  Spawning Pool  
  16  1:20  Drone  
  16  1:22  Drone  
  18  1:30  Drone  
  19  1:41  Overlord  
  19  1:51  Drone  
  20  2:03  Zergling x2  
  20  2:04  Queen  
  20  2:06  Queen  
  20  2:07  Zergling x2  
  26  2:12  Drone  
  26  2:13  Metabolic Boost  
  27  2:18  Drone  
  28  2:24  Drone  
  29  2:39  Drone x2  
  30  2:55  Drone x3  
  30  2:57  Hatchery  
  32  2:59  Pneumatized Carapace  
  32  3:07  Queen  
  32  3:11  Overlord  
  34  3:17  Drone  
  35  3:20  Extractor  
  35  3:21  Drone  
  36  3:30  Drone x3  
  36  3:31  Overlord, Drone  
  36  3:33  Drone x2  
  42  3:37  Drone  
  43  3:49  Queen  
  43  3:51  Drone  
  43  3:52  Roach Warren  
  45  3:56  Drone x2  
  45  3:58  Drone  
  45  3:59  Extractor  
  45  4:00  Drone  
  45  4:02  Evolution Chamber  
  47  4:03  Overlord  
  47  4:06  Drone  
  48  4:10  Queen  
  48  4:14  Overlord  
  50  4:23  Spore Crawler  
  49  4:24  Spore Crawler  
  48  4:36  Roach x2  
  48  4:37  Roach x3  
  58  4:38  Spore Crawler  
  58  4:42  Roach x2  
  60  4:52  Drone x2  
  62  4:53  Overlord  
  62  4:55  Roach x2  
  66  5:12  Lair  
  66  5:15  Drone  
  66  5:16  Drone x7  
  66  5:18  Overlord  
  75  5:21  Drone  
  75  5:24  Overlord  
  68  6:00  Drone x3  
  68  6:01  Drone x7  
  68  6:02  Drone  
  79  6:06  Extractor, Drone x3  
  79  6:07  Drone  
  82  6:23  Hatchery  
  82  6:24  Drone x3  
  82  6:25  Extractor  
  83  6:28  Queen  
  85  6:45  Extractor  
  85  6:47  Drone x4  
  86  6:53  Zerg Ground Armor Level 1, Evolution Chamber, Drone  
  88  6:54  Hatchery  
  88  6:55  Overseer  
  88  6:57  Overseer  
  87  7:02  Extractor, Drone x3  
  87  7:03  Roach x3, Drone  
  87  7:04  Roach  
  87  7:05  Overlord x5  
  98  7:38  Extractor  
  98  7:39  Infestation Pit  
  98  7:41  Zerg Missile Weapons Level 1, Drone x3  
  98  7:42  Roach x5, Hydralisk Den  
  98  7:43  Roach x8  
  98  7:44  Glial Reconstitution, Roach x2  
  128  7:47  Drone  
  129  7:55  Queen  
  131  8:00  Ravager x3  
  131  8:01  Ravager  
  131  8:04  Drone x3  
  131  8:05  Overlord, Drone x2  
  140  8:06  Overlord x4  
  140  8:16  Extractor  
  139  8:22  Burrow  
  139  8:29  Muscular Augments  
  139  8:31  Drone x3  
  142  8:38  Drone x3  
  145  8:41  Extractor  
  145  8:42  Hive  
  145  8:47  Hydralisk  
  145  8:48  Hydralisk x4  
  146  8:50  Overlord x4  
  154  9:03  Tunneling Claws  
  154  9:11  Roach  
  154  9:12  Roach x13  
  182  9:17  Zerg Ground Armor Level 2  
  182  9:29  Hatchery  
  181  9:44  Spire  
  180  9:45  Hydralisk  
  180  9:46  Hydralisk x7  
  180  9:48  Overlord x2  
  180  9:49  Overlord  
  196  9:59  Zerg Missile Weapons Level 2  
  196  10:24  Nydus Network  
  180  11:12  Viper x5  
  180  11:14  Hydralisk  
  180  11:15  Hydralisk x2  
  185  11:33  Roach x2  
  185  11:34  Roach x6  
  185  11:39  Roach x20  
  140  12:13  Hydralisk x12  
  140  12:14  Hydralisk  
  146  12:31  Hydralisk x4  
  146  12:36  Hatchery  
  153  12:42  Hatchery  
  152  12:52  Roach x6  
  152  12:53  Roach x3  
  170  13:06  Hatchery  
  170  13:08  Hydralisk x9  
  187  13:25  Zerg Missile Weapons Level 3  
  187  13:26  Zerg Ground Armor Level 3  
  173  13:32  Overseer  
  173  13:34  Hydralisk x11  
  173  13:35  Hydralisk x2  
  199  13:46  Extractor  
  199  13:47  Drone x2  
  200  13:48  Overlord  
  200  13:49  Overlord  
  127  14:23  Viper x4  
  137  14:28  Zergling x6  
  137  14:29  Zergling x32  
  150  14:47  Hydralisk  
  150  14:48  Hydralisk x8  
  150  14:51  Extractor  
  162  15:01  Hydralisk  
  162  15:02  Extractor, Hydralisk x7  
  162  15:04  Extractor  
  156  15:21  Roach x9  
  153  15:22  Roach x2  
  153  15:27  Drone x3  
  175  15:29  Drone x2  
  175  15:31  Drone  
  178  15:38  Drone x3  
  178  15:40  Drone  
  182  15:44  Drone x2  
  182  15:47  Drone  
  182  15:49  Drone  
  186  15:52  Drone  
  187  16:01  Drone x3  
  182  16:22  Drone x9  
  182  16:23  Drone  
Tags
 
Add a new tag
Caveats
  • Supply blocks, unpowered buildings, or Contaminate may cause inaccurate times.
  • Supply counts are checked every 10 seconds.